Map: Tokamak LE

Players

ManlyManMeat

  • Race: Zerg Zerg
  • League: Master
  • Spawn Location: 1:00

Romulus - Winner!

  • Race: Protoss Protoss
  • League: Platinum
  • Spawn Location: 7:00

VOD

Have the link to the VOD?

Description

Time

  • Played on: June 15, 2025, 11:29 a.m.
  • Length: 7:34
Show
View Real Time Build Order
Export as new Build Order

ManlyManMeat Zerg 

Build Orders: Hatch First 

Get SALT Encoding   

  12  0:08  Overlord  
  12  0:13  Drone  
  13  0:17  Drone  
  14  0:26  Drone  
  15  0:29  Drone  
  16  0:40  Drone  
  17  0:51  Hatchery  
  17  0:55  Drone  
  17  1:02  Drone  
  18  1:13  Spawning Pool  
  18  1:15  Drone, Extractor  
  17  1:23  Drone  
  18  1:36  Drone  
  19  1:46  Drone  
  20  1:57  Drone  
  21  2:03  Queen x2  
  21  2:04  Overlord  
  21  2:07  Zergling x2  
  26  2:17  Metabolic Boost  
  26  2:24  Drone x2  
  26  2:25  Overlord  
  28  2:34  Drone  
  29  2:37  Zergling x2  
  30  2:46  Queen  
  32  2:52  Drone x3  
  35  3:02  Drone x2  
  37  3:08  Extractor  
  36  3:12  Evolution Chamber  
  36  3:15  Evolution Chamber  
  36  3:19  Evolution Chamber x2  
  34  3:20  Drone x2  
  34  3:22  Hatchery  
  34  3:38  Queen  
  34  3:39  Drone x3  
  34  3:40  Drone x2  
  41  3:44  Overlord  
  41  4:00  Zergling x4  
  43  4:06  Lair  
  43  4:11  Zerg Missile Weapons Level 1  
  43  4:17  Roach Warren  
  43  4:19  Drone x5  
  47  4:34  Extractor  
  47  4:35  Extractor  
  47  4:36  Drone x7  
  52  4:46  Zerg Ground Armor Level 1  
  52  4:56  Drone x2  
  52  4:57  Drone x2  
  52  4:59  Roach  
  58  5:01  Overlord x2  
  58  5:11  Overseer  
  58  5:19  Glial Reconstitution  
  62  5:21  Roach x4  
  66  5:29  Spore Crawler  
  66  5:30  Spore Crawler  
  66  5:32  Spore Crawler  
  66  5:33  Spore Crawler  
  66  5:35  Drone, Spore Crawler  
  61  5:36  Drone x5, Spore Crawler  
  61  5:38  Drone x2  
  68  5:49  Roach  
  74  5:50  Roach x2  
  74  5:51  Overlord  
  71  6:32  Overlord  
  71  6:33  Overlord x4  
  71  6:46  Hatchery  
  70  6:53  Roach x3  
  76  7:02  Roach x2  
  76  7:05  Drone, Zergling x2  
Show
View Real Time Build Order
Export as new Build Order

Romulus Protoss - Winner!

Build Orders: 1 Gate Expand 

Get SALT Encoding   

  12  0:01  Probe  
  13  0:13  Probe  
  14  0:23  Pylon  
  14  0:25  Probe  
  15  0:38  Probe  
  15  0:42  Gateway  
  16  0:46  Probe  
  16  0:50  Assimilator  
  16  0:55  Probe  
  18  1:07  Probe  
  19  1:19  Probe  
  20  1:32  Nexus  
  20  1:41  Cybernetics Core  
  20  1:46  Probe  
  21  1:50  Pylon  
  21  1:54  Assimilator  
  21  2:01  Probe  
  22  2:09  Stalker  
  22  2:11  Warp Gate  
  22  2:18  Probe  
  25  2:33  Probe  
  25  2:34  Stalker  
  28  2:47  Probe, Robotics Facility  
  28  2:50  Probe  
  30  2:55  Probe  
  30  3:02  Probe  
  30  3:05  Probe  
  32  3:07  Gateway  
  33  3:14  Probe  
  33  3:15  Shield Battery  
  33  3:17  Probe  
  35  3:22  Pylon  
  35  3:26  Probe  
  36  3:29  Probe  
  37  3:34  Observer  
  37  3:38  Probe  
  39  3:41  Probe  
  39  3:43  Gateway  
  40  3:49  Assimilator  
  40  3:50  Probe  
  40  3:53  Probe  
  42  4:16  Nexus  
  42  4:17  Probe, Assimilator  
  42  4:18  Pylon, Probe  
  42  4:23  Immortal  
  48  4:28  Stalker  
  48  4:30  Probe x2, Stalker  
  54  4:40  Gateway  
  54  4:42  Probe  
  54  4:43  Probe, Twilight Council  
  56  4:55  Probe  
  56  4:57  Stalker x2  
  61  5:02  Pylon  
  61  5:09  Pylon  
  61  5:10  Charge  
  61  5:13  Pylon  
  61  5:20  Immortal  
  65  5:26  Stalker x2  
  65  5:28  Stalker  
  71  5:49  Gateway x2  
  71  5:50  Immortal, Pylon  
  71  5:51  Pylon  
  75  6:09  Stalker x3  
  75  6:10  Stalker  
  78  6:19  Probe  
  78  6:23  Probe  
  79  6:26  Probe  
  79  6:28  Probe  
  79  6:31  Probe  
  82  6:34  Probe  
  82  6:36  Assimilator  
  82  6:37  Probe  
  84  6:40  Probe, Assimilator  
  84  6:43  Immortal  
  84  6:44  Probe  
  91  6:49  Probe  
  91  6:52  Probe  
  93  6:56  Probe  
  94  7:01  Probe  
  94  7:04  Probe, Zealot  
  94  7:05  Zealot x5  
  106  7:21  Probe  
  104  7:32  Stalker x2  
  104  7:33  Stalker x4  
Tags
 
Add a new tag
Caveats
  • Supply blocks, unpowered buildings, or Contaminate may cause inaccurate times.
  • Supply counts are checked every 10 seconds.